Description

Easy early push Terran Build, recommended for platinum league and above. Featuring uThermal vs ForJummy, this build shows the 3 rax variation with reactor first that could lead to an early 5 min win against Protoss.

VOD

https://youtu.be/OH2Rj6dJIEs

Replay - ABSOLUTE_3RAX_CARNAGE_VS_PROTOSS

Build Order

Get SALT Encoding   

  12  0:00  SCV  
  13  0:12  SCV  
  14  0:17  Supply Depot  
  14  0:24  SCV  
  15  0:38  SCV  
  15  0:39  Barracks  
  15  0:42  Refinery  
  16  0:50  SCV  
  17  1:02  SCV  
  18  1:15  SCV  
  19  1:27  Barracks Reactor, Orbital Command  
  19  1:41  Command Center  
  19  1:50  Supply Depot  
  19  1:53  SCV  
  20  2:03  Marine x2  
  20  2:05  SCV  
  23  2:14  Barracks  
  23  2:17  SCV  
  23  2:21  Marine x2  
  26  2:27  Barracks  
  27  2:39  Marine x2  
  30  2:54  Orbital Command  
  30  2:57  Marine x2  
  33  3:03  Barracks Tech Lab  
  34  3:14  Marine x2  
  34  3:15  Barracks Tech Lab  
  37  3:22  Stimpack  
  39  3:27  Supply Depot  
  43  3:35  Combat Shield  
  43  3:41  Marauder  
  46  3:44  Supply Depot  
  46  3:54  Marauder  
  52  3:56  Supply Depot  
  54  4:06  Marauder  
  54  4:07  Engineering Bay  
  61  4:17  Marauder  
  65  4:32  Missile Turret x2  
  66  4:39  Factory  
  72  4:49  Refinery x2  
Spawning Tool Build Advisor. Get it on Overwolf

Analysis

This build is good for Platinum league and above, all the way to pro-level ( lower leagues can try as well, the build is not too difficult and practicing efficient builds is a good way to improve).

This build focuses on mass production of units, and very early bio upgrades (stim and combat shields). It gives the Terran a very powerful early timing, with the potential to outright kill an unprepared opponent. However, the lack of Factory and Starport mean holding early all-ins is harder, and the engineering bay is very important for detection and dealing with air units (this is why we make a blind turret).

To execute this build at the highest level, you can notice uThermal pulls 2 workers off of gas. This optimizes the gas and mineral saturation and makes the build flow a bit faster

Go to:

Details

  • Created by: ESChamp    
  • Published on: Sep 28, 2021
  • Modified on: Oct 02, 2021
  • Patch: 4.11.0
  • Difficulty: Easy
Show
View Real Time Build Order
Export as new Build Order

Comments (3)

On Aug. 3, 2022, 4:40 a.m., Vorment  said:

For some reason builds keep stopping at the Factory, the app doesnt work or what's happening?

On March 2, 2022, 8:52 p.m., BadAdviceBison  said:

@manimgoindowndown You've obviously never used the build. If you're taking aggro before stim is done, squeeze a bunker in if you need to - stalkers can't micro against stimmed bio and blink won't be done before you have enough bio to win the fight if he Does blink on top of you.

This build is good - it's just not gonna kill em if they see it coming, but it's also not hard to transition out of so... Good all around TvP timing.

On Jan. 8, 2022, 10:05 a.m., manimgoindowndown  said:

Garbage build that is simply countered by stalkers Being Mike Road

Create an account to comment!